 Dungeon Crawl Stone Soup version 0.28.0-53-g5a82cb258f (webtiles) character file.

Game seed: 3089844883434726695

22 Descartes the Scratcher (level 2, 0/12 HPs)
             Began as a Felid Transmuter on June 25, 2022.
             Constricted to death by a ball python (1 damage)
             ... on level 1 of the Dungeon.
             The game lasted 00:01:15 (1051 turns).

Descartes the Scratcher (Felid Transmuter)          Turns: 1051, Time: 00:01:15

Health: 0/12       AC:  1    Str:  6    XL:     2   Next: 68%
Magic:  6/6        EV: 15    Int: 14    God:
Gold:   24         SH:  0    Dex: 16    Spells: 4/5 levels left
                                        Lives:  0   Deaths: 0

rFire   . . .      SeeInvis +     - Unarmed
rCold   . . .      Faith    .   (shield unavailable)
rNeg    . . .      Spirit   .   (armour unavailable)
rPois   .          Reflect  .   (helmet unavailable)
rElec   .          Harm     .   (cloak unavailable)
rCorr   .          Rampage  .   (gloves unavailable)
Will    .....                   (boots unavailable)
Stlth   ++........              (no amulet)
HPRegen 0.04/turn               (no ring)
MPRegen 0.10/turn               (no ring)

@: constricted, quick
A: very small, claws 1, fangs 3, see invisible, speed 1, shaggy fur 1, stealthy
paws, no weapons or thrown items, no armour, multi-lived
a: no special abilities


You were on level 1 of the Dungeon.
You visited 1 branch of the dungeon, and saw 1 of its levels.

You collected 24 gold pieces.

Inventory:

Missiles
 a - 20 stones
Scrolls
 b - a scroll of identify {unknown}
 c - a scroll of vulnerability {unknown}
Potions
 d - a potion of attraction {unknown}


   Skills:
 + Level 1.2 Fighting
 * Level 3.2 Dodging
 * Level 1.4 Stealth
 * Level 3.2 Unarmed Combat
 + Level 2.1 Spellcasting
 + Level 2.3 Transmutations


You had 4 spell levels left.
You knew the following spells:

 Your Spells              Type           Power      Damage    Failure   Level
a - Beastly Appendage     Tmut           16%        N/A       9%          1

Your spell library contained the following spells:

 Spells                   Type           Power      Damage    Failure   Level
 Wereblood                Tmut           8%         N/A       13%         2
 Spider Form              Tmut/Pois      4%         N/A       41%         3
 Ice Form                 Ice/Tmut       4%         N/A       82%         4


Dungeon Overview and Level Annotations

Branches:
Dungeon (1/15)

Altars:


Innate Abilities, Weirdness & Mutations

You have sharp claws.
You have razor-sharp teeth.
You have supernaturally acute eyesight. (SInv)
You cover ground quickly. (Speed+)
You are covered in fur. (AC +1)
Your paws help you pounce on unaware monsters.
You are incapable of wielding weapons or throwing items.
You cannot wear armour.
You gain extra lives every three experience levels.


Message History

You scratch the kobold but do no damage.
The kobold is severely wounded.
The kobold hits you with a +0 dagger. The rat closely misses you.
You are too injured to fight recklessly!
You are too injured to fight recklessly!
You are too injured to fight recklessly!
You are too injured to fight recklessly!
You are too injured to fight recklessly!
You are too injured to fight recklessly!
You are too injured to fight recklessly!
You are too injured to fight recklessly!
You are too injured to fight recklessly!
You are too injured to fight recklessly!
You are too injured to fight recklessly!
You are too injured to fight recklessly!
You are too injured to fight recklessly!
You are too injured to fight recklessly!
You claw the kobold!
You kill the kobold!
You scratch the rat. Your claw misses the rat.
The rat is severely wounded.
The rat closely misses you.
You scratch the rat but do no damage.
The rat is severely wounded.
The rat barely misses you.
You scratch the rat but do no damage. You headbutt the rat.
You kill the rat!
You closely miss the ball python.
Your horns disappear.
The ball python misses you. The ball python grabs you.
The ball python constricts you.
The rat twitches its whiskers.
You closely miss the ball python. The ball python misses you.
The ball python constricts you. The ball python bites you.
* * * LOW HITPOINT WARNING * * *
The ball python constricts you.
* * * LOW HITPOINT WARNING * * *
You closely miss the ball python. The ball python barely misses you.
The ball python constricts you.
You die...

########
##......#
...†....#
.†♣♣♣...######
.♣#
#♣.......#####
.♣
♣.......'...#
.♣#
#♣.......###.#
..♣♣♣........#
#.#
.............#
#@#
###'###'######
#S#
.....##'#####
#Kr.r....
.....#......#
##r......
.#...#......#
.......
.###.#......#
#......
.###.#......#
.#)...
.....'.....(+
......
.##.##......#
#...##


You could see a quokka, a ball python, a kobold and a rat.

Vanquished Creatures
  A dart slug (D:1)
  2 ball pythons (D:1)
  A bat (D:1)
  4 endoplasms (D:1)
  A giant cockroach (D:1)
  2 goblins (D:1)
  A hobgoblin (D:1)
  3 kobolds (D:1)
  3 rats (D:1)
18 creatures vanquished.

Notes
Turn   | Place    | Note
-------+----------+-------------------------------------------
     0 | D:1      | Descartes the Felid Transmuter began the quest for the Orb.
     0 | D:1      | Reached XP level 1. HP: 9/9 MP: 4/4
   403 | D:1      | Reached skill level 1 in Stealth
   403 | D:1      | Reached XP level 2. HP: 12/12 MP: 4/6
  1051 | D:1      | Constricted to death by a ball python

Illustrated notes

Levels and vault maps discovered:
D:1:      onia_arrival_mini_maze_b, layout_basic, minmay_stone_trees_small

Skill      XL: |  1  2 |
---------------+-------+-----
Stealth        | 1 |  1.4
Dodging        | 3 |  3.2
Fighting       | |  1.2
Unarmed Combat | |  3.2
Spellcasting   | |  2.1
Transmutations | |  2.3

Action                   || total
-------------------------++-------
Melee: Unarmed           ||    52
       Headbutt          ||     8
       Bite              ||     5
       Punch             ||     1
 Cast: Beastly Appendage ||    14
 Stab: Sleeping          ||     1
Armor: Skin              ||     2
Dodge: Dodged            ||    35
